Map: Whitewater Line LE

Players

Wulfster

  • Race: Terran Terran
  • League: Bronze
  • Spawn Location: 1:00

FourHorsemen

  • Race: Protoss Protoss
  • League: Gold
  • Spawn Location: 1:00

XeLa

  • Race: Protoss Protoss
  • Spawn Location: 12:00

Tiguerup

  • Race: Protoss Protoss
  • League: Platinum
  • Spawn Location: 7:00

Ashra

  • Race: Terran Terran
  • Spawn Location: 7:00

Haste

  • Race: Protoss Protoss
  • League: Silver
  • Spawn Location: 6:00

VOD

Have the link to the VOD?

Description

Time

  • Played on: Dec. 21, 2019, 4:51 p.m.
  • Length: 12:43
Show
View Real Time Build Order
Export as new Build Order

Wulfster Terran 

Build Orders: Reaper Expand 

Get SALT Encoding   

  12  0:02  SCV  
  13  0:18  SCV  
  14  0:21  Supply Depot  
  14  0:31  SCV  
  15  0:43  Supply Depot  
  15  0:46  SCV  
  16  0:52  Refinery  
  16  0:56  Refinery  
  16  1:08  Barracks  
  16  1:53  Command Center  
  16  2:04  Barracks  
  16  2:08  SCV  
  17  2:20  SCV  
  17  2:22  Barracks Reactor  
  18  2:42  Orbital Command  
  18  2:54  Barracks Tech Lab  
  19  3:34  Reaper x2  
  19  3:35  Reaper  
  19  3:38  Combat Shield  
  21  3:49  SCV  
  21  3:55  Factory  
  22  4:00  Engineering Bay  
  22  4:02  SCV  
  23  4:18  Marine x2  
  23  4:21  Marauder  
  27  4:24  SCV  
  28  4:36  Marine x2, SCV  
  31  4:39  Factory Reactor  
  31  4:48  SCV  
  29  5:32  Marine x2  
  31  5:36  Marauder  
  33  5:45  Starport  
  33  5:50  Marine x2  
  33  5:51  Starport  
  35  5:57  Marauder  
  35  6:01  Orbital Command  
  37  6:08  Marine x2  
  43  6:18  Widow Mine x2  
  43  6:26  Marine x2  
  43  6:27  Missile Turret  
  45  6:35  Starport Tech Lab  
  45  6:36  Starport Tech Lab  
  45  6:41  Fusion Core  
  45  6:47  Missile Turret  
  45  6:53  Supply Depot  
  45  7:02  Supply Depot  
  45  7:06  Missile Turret  
  45  7:15  Widow Mine x2  
  49  7:16  Supply Depot  
  49  7:27  Missile Turret  
  49  7:30  Armory  
  49  7:32  Battlecruiser  
  49  7:36  Widow Mine x2  
  59  7:38  Supply Depot  
  59  7:57  Battlecruiser  
  65  8:25  Terran Ship Weapons Level 1  
  65  8:33  SCV  
  65  8:34  Refinery  
  66  8:43  Refinery  
  66  8:45  SCV  
  66  8:46  Weapon Refit  
  67  8:58  SCV  
  68  10:22  Battlecruiser  
  68  10:23  Battlecruiser  
  80  11:16  Command Center  
  80  11:28  Factory Tech Lab  
  80  11:33  Battlecruiser  
  92  11:54  Supply Depot  
  92  12:17  Supply Depot  
Show
View Real Time Build Order
Export as new Build Order

FourHorsemen Protoss 

Build Orders: Double Forge 

Get SALT Encoding   

  12  0:01  Probe  
  13  0:14  Pylon  
  13  0:18  Probe  
  14  0:32  Probe  
  15  0:38  Gateway  
  15  0:45  Probe (Chrono Boost)  
  16  0:54  Probe (Chrono Boost)  
  17  0:58  Assimilator  
  17  1:00  Probe (Chrono Boost)  
  18  1:12  Probe  
  19  1:28  Cybernetics Core  
  19  1:46  Nexus  
  19  1:48  Pylon  
  19  1:51  Probe (Chrono Boost)  
  20  1:55  Assimilator  
  21  2:01  Probe (Chrono Boost)  
  21  2:05  Warp Gate  
  21  2:08  Stalker  
  23  2:11  Probe  
  24  2:25  Probe  
  25  2:38  Pylon  
  25  2:42  Probe  
  26  2:53  Stalker  
  28  3:01  Twilight Council  
  28  3:02  Probe x2  
  30  3:22  Gateway  
  30  3:24  Pylon  
  30  3:28  Pylon  
  30  3:30  Shield Battery  
  30  3:42  Probe (Chrono Boost)  
  30  3:43  Robotics Facility, Probe (Chrono Boost)  
  32  3:49  Charge  
  32  3:52  Probe (Chrono Boost)  
  32  3:53  Probe (Chrono Boost)  
  34  3:57  Probe (Chrono Boost)  
  34  4:00  Templar Archives  
  35  4:05  Probe  
  35  4:08  Probe  
  37  4:12  Gateway  
  37  4:15  Gateway  
  37  4:18  Probe  
  38  4:33  Forge, Probe  
  38  4:35  Forge  
  39  4:50  Probe x2, Pylon  
  41  4:56  Psionic Storm  
  41  5:01  Observer  
  42  5:18  Shield Battery  
  42  5:20  Shield Battery  
  42  5:21  Pylon  
  42  5:23  Probe x2  
  44  5:32  Assimilator  
  44  5:33  Stalker x2  
  44  5:34  Stalker x2  
  52  5:35  Probe  
  52  5:36  Assimilator, Probe  
  54  5:47  Photon Cannon  
  54  5:50  Photon Cannon  
  54  6:02  Protoss Ground Weapons Level 1  
  54  6:03  Photon Cannon  
  54  6:04  Protoss Ground Armor Level 1  
  54  6:09  Photon Cannon  
  54  6:14  Probe x2  
  54  6:15  Photon Cannon  
  56  6:26  Probe  
  56  6:27  Gateway x2  
  56  6:30  Pylon  
  57  6:34  High Templar  
  57  6:36  High Templar  
  61  6:52  Nexus  
  61  7:05  Pylon  
  61  7:08  Pylon  
  61  7:12  Pylon  
  61  7:13  Probe x2  
  63  7:16  Zealot x4  
  71  7:25  Observer  
  72  7:37  High Templar x2  
  74  7:40  Probe x2  
  78  7:46  Immortal  
  78  7:49  Stalker  
  78  7:50  Stalker x3  
  90  8:00  Probe x2  
  90  8:03  Assimilator  
  92  8:06  Assimilator  
  92  8:08  Photon Cannon  
  92  8:12  Photon Cannon, Probe  
  93  8:15  Photon Cannon, Probe  
  93  8:16  Probe  
  95  8:26  High Templar x3  
  101  8:28  Zealot x2  
  101  8:29  Zealot  
  107  8:36  Protoss Ground Weapons Level 2  
  107  8:45  Protoss Ground Armor Level 2  
  107  8:47  Probe x2  
  107  8:48  Probe  
  110  9:04  Shield Battery  
  110  9:06  Shield Battery  
  110  9:07  Shield Battery  
  110  9:09  Shield Battery  
  110  9:10  Probe  
  110  9:11  Probe x2  
  110  9:15  Zealot x3  
  110  9:16  Zealot  
  121  9:33  Probe x3  
  124  9:45  Probe x3  
  127  9:50  Dark Shrine  
  127  10:02  Nexus  
  127  10:03  Pylon  
  127  10:06  Pylon  
  127  10:10  Pylon  
  127  10:14  High Templar  
  127  10:15  High Templar x2  
  133  10:26  Pylon  
  133  10:49  Photon Cannon  
  133  10:53  Photon Cannon  
  133  10:58  Photon Cannon  
  133  11:01  Photon Cannon  
  133  11:06  Shield Battery  
  133  11:08  Shield Battery  
  133  11:11  Shield Battery  
  133  11:13  Shield Battery  
  133  11:37  Pylon  
  133  11:43  Pylon  
  133  11:48  Probe x4  
  133  11:54  Dark Templar x6  
  141  11:59  Archon  
  141  12:00  Archon x2  
Show
View Real Time Build Order
Export as new Build Order

XeLa Protoss 

Build Orders: 1 Gate Expand, Phoenix Opening, Mass Phoenix 

Get SALT Encoding   

  12  0:01  Probe  
  13  0:13  Probe  
  14  0:18  Pylon  
  14  0:25  Probe (Chrono Boost)  
  15  0:37  Probe (Chrono Boost)  
  15  0:40  Gateway  
  16  0:43  Probe (Chrono Boost)  
  16  0:48  Assimilator  
  17  0:51  Probe  
  18  1:04  Probe  
  19  1:16  Probe  
  20  1:28  Cybernetics Core  
  20  1:37  Nexus  
  20  1:42  Probe  
  20  1:46  Assimilator  
  21  1:51  Pylon  
  21  1:55  Probe  
  22  2:08  Probe  
  22  2:09  Stalker (Chrono Boost)  
  25  2:19  Stargate  
  25  2:23  Probe  
  25  2:28  Warp Gate  
  26  2:35  Probe  
  27  2:49  Probe (Chrono Boost)  
  29  2:52  Probe (Chrono Boost)  
  30  2:59  Stargate, Probe (Chrono Boost)  
  30  3:02  Probe (Chrono Boost), Assimilator  
  30  3:04  Probe (Chrono Boost)  
  33  3:13  Phoenix (Chrono Boost), Probe (Chrono Boost)  
  33  3:15  Probe (Chrono Boost)  
  38  3:27  Probe (Chrono Boost)  
  38  3:28  Assimilator  
  38  3:29  Probe (Chrono Boost)  
  38  3:32  Probe (Chrono Boost)  
  38  3:33  Pylon  
  39  3:36  Probe  
  39  3:38  Phoenix  
  42  3:44  Probe  
  45  3:49  Probe  
  45  3:50  Phoenix (Chrono Boost)  
  46  3:56  Probe  
  46  4:01  Probe  
  46  4:02  Phoenix (Chrono Boost)  
  48  4:08  Probe  
  51  4:15  Phoenix (Chrono Boost)  
  51  4:16  Probe  
  54  4:45  Pylon  
  54  4:52  Fleet Beacon  
  54  5:03  Phoenix x2, Probe x2  
  60  5:09  Protoss Air Weapons Level 1 (Chrono Boost)  
  60  5:11  Nexus  
  60  5:13  Pylon  
  60  5:15  Probe x2  
  60  5:17  Pylon  
  62  5:31  Phoenix x2, Probe x2  
  62  5:32  Forge  
  68  5:43  Probe  
  69  5:53  Anion Pulse-Crystals (Chrono Boost)  
  69  5:56  Phoenix x2  
  73  5:58  Probe x2  
  75  6:04  Stargate  
  75  6:06  Pylon  
  75  6:07  Pylon  
  75  6:10  Probe x2  
  77  6:13  Photon Cannon  
  77  6:17  Assimilator  
  77  6:22  Assimilator  
  77  6:23  Phoenix, Probe (Chrono Boost)  
  81  6:25  Probe (Chrono Boost)  
  81  6:28  Probe (Chrono Boost)  
  82  6:36  Probe (Chrono Boost)  
  82  6:38  Phoenix, Probe (Chrono Boost)  
  82  6:39  Probe (Chrono Boost)  
  87  6:44  Probe (Chrono Boost)  
  87  6:45  Probe (Chrono Boost)  
  89  6:51  Phoenix, Probe  
  89  6:52  Probe  
  89  6:53  Probe  
  94  7:03  Phoenix, Probe  
  95  7:16  Phoenix, Probe x3  
  100  7:28  Probe  
  103  7:34  Probe x2  
  103  7:41  Probe  
  102  7:44  Tempest  
  102  7:46  Probe  
  102  7:50  Cybernetics Core  
  108  7:53  Pylon  
  108  7:57  Pylon  
  108  7:58  Photon Cannon  
  108  8:00  Protoss Air Weapons Level 2 (Chrono Boost)  
  108  8:02  Pylon, Shield Battery  
  108  8:04  Nexus, Photon Cannon  
  108  8:08  Assimilator  
  108  8:09  Probe  
  108  8:11  Tempest, Assimilator  
  114  8:13  Pylon  
  114  8:14  Tempest  
  114  8:16  Photon Cannon, Pylon  
  114  8:18  Pylon  
  119  8:21  Stargate  
  119  8:22  Stargate  
  119  8:26  Photon Cannon  
  119  8:30  Tempest  
  119  8:31  Photon Cannon  
  124  8:36  Protoss Shields Level 1 (Chrono Boost)  
  124  8:37  Probe  
  125  8:42  Protoss Air Armor Level 1 (Chrono Boost)  
  125  8:43  Probe  
  125  8:44  Probe  
  127  8:56  Tempest  
  127  9:00  Tempest  
  137  9:04  Probe  
  137  9:07  Probe x2  
  140  9:16  Photon Cannon, Probe  
  141  9:18  Shield Battery  
  141  9:19  Tempest  
  141  9:20  Photon Cannon  
  141  9:21  Tempest  
  151  9:28  Tempest  
  156  9:38  Photon Cannon  
  156  9:41  Photon Cannon, Shield Battery  
  156  9:42  Shield Battery  
  156  9:44  Photon Cannon  
  156  9:49  Tempest x2  
  166  10:04  Tempest  
  171  10:21  Nexus  
  171  10:23  Pylon, Assimilator  
  171  10:25  Pylon  
  171  10:26  Assimilator, Pylon  
  171  10:30  Pylon  
  171  10:41  Mothership  
  179  10:48  Photon Cannon  
  179  10:49  Photon Cannon  
  179  10:51  Photon Cannon  
  179  10:52  Photon Cannon, Tempest  
  179  10:53  Shield Battery  
  179  10:54  Photon Cannon  
  179  10:55  Tempest, Shield Battery  
  179  10:56  Shield Battery  
  189  10:58  Shield Battery  
  189  11:00  Tempest  
  182  11:48  Tempest x3  
Show
View Real Time Build Order
Export as new Build Order

Tiguerup Protoss 

Build Orders: Dark Templar Rush 

Get SALT Encoding   

  12  0:01  Probe (Chrono Boost)  
  13  0:11  Probe (Chrono Boost)  
  14  0:16  Probe (Chrono Boost)  
  15  0:23  Pylon  
  15  0:28  Assimilator  
  15  0:42  Gateway  
  15  0:46  Probe  
  16  0:58  Probe, Assimilator  
  17  1:10  Pylon  
  17  1:18  Probe (Chrono Boost)  
  18  1:29  Probe (Chrono Boost)  
  19  1:34  Probe (Chrono Boost)  
  20  1:42  Cybernetics Core  
  20  1:44  Probe  
  21  1:56  Probe  
  21  1:58  Pylon  
  22  2:08  Probe  
  23  2:16  Warp Gate (Chrono Boost)  
  23  2:17  Pylon  
  23  2:32  Gateway  
  23  2:38  Gateway  
  23  2:51  Pylon  
  23  3:08  Twilight Council  
  23  3:14  Pylon  
  23  3:18  Robotics Facility  
  23  3:40  Pylon  
  23  3:46  Dark Shrine  
  23  3:54  Pylon  
  23  3:59  Gateway  
  23  4:05  Warp Prism  
  25  5:06  Dark Templar  
  27  5:11  Observer  
  28  7:24  Stalker x3  
  28  7:25  Stalker  
  36  7:34  Nexus  
  36  7:35  Gateway  
  36  7:39  Gateway  
  36  7:41  Gateway  
  36  7:43  Gateway  
  36  7:54  Gateway  
  36  7:58  Pylon  
  36  8:01  Gateway  
  36  9:01  Stalker x2  
  36  9:02  Stalker x4  
  48  9:03  Stalker x2  
  48  9:04  Stalker x2  
  48  9:07  Observer  
  57  9:12  Blink  
  56  9:36  Probe (Chrono Boost)  
  57  9:43  Stalker x3  
  57  9:44  Stalker x4  
  57  9:45  Stalker x2, Probe (Chrono Boost)  
  76  9:50  Probe (Chrono Boost)  
  77  9:57  Pylon  
  77  10:02  Probe  
  78  10:07  Pylon  
  78  10:10  Pylon  
  78  10:14  Probe  
  79  10:34  Templar Archives  
  77  10:45  Stalker x3  
  77  10:48  Probe (Chrono Boost)  
  84  10:52  Assimilator  
  84  11:00  Probe (Chrono Boost)  
  85  11:06  Probe (Chrono Boost)  
  86  11:14  Probe  
  87  11:24  Psionic Storm  
  87  11:26  Probe  
  87  11:29  High Templar x4  
  87  11:30  High Templar  
  98  11:33  High Templar  
  98  11:36  Archon x2  
  98  11:37  Archon  
  100  11:42  Assimilator  
  100  11:45  Pylon  
  78  12:16  Probe (Chrono Boost)  
  61  12:27  Probe (Chrono Boost)  
  44  12:32  Probe (Chrono Boost)  
Show
View Real Time Build Order
Export as new Build Order

Ashra Terran 

Build Orders:  

Get SALT Encoding   

  12  0:01  SCV  
  13  0:14  SCV  
  13  0:19  Supply Depot  
  14  0:26  SCV  
  15  0:30  Refinery  
  15  0:42  Barracks  
  15  0:46  SCV  
  16  0:58  SCV  
  17  1:11  SCV  
  18  1:23  SCV  
  19  1:37  Command Center  
  19  1:45  Orbital Command  
  19  1:54  Factory  
  19  1:59  Marine  
  20  2:11  SCV, Supply Depot  
  21  2:17  Refinery  
  21  2:27  Engineering Bay  
  21  2:28  Marine  
  22  2:32  SCV  
  23  2:42  Starport  
  23  2:44  Factory Tech Lab  
  23  2:59  Marine  
  23  3:02  SCV  
  25  3:08  SCV  
  26  3:17  Marine  
  27  3:29  SCV x2  
  27  3:30  Fusion Core  
  29  3:43  Supply Depot  
  29  3:44  Marine  
  29  3:46  Factory Tech Lab  
  30  3:52  Missile Turret  
  30  3:59  Missile Turret  
  30  4:02  SCV  
  31  4:05  Missile Turret  
  31  4:09  SCV  
  32  4:14  SCV  
  33  4:22  Battlecruiser  
  39  4:26  SCV  
  40  4:35  Starport  
  40  4:37  Refinery  
  40  4:38  SCV  
  41  4:41  SCV, Refinery  
  42  4:51  Marine  
  43  4:53  SCV x2  
  45  5:00  Widow Mine  
  45  5:05  SCV  
  43  5:33  Battlecruiser  
  49  5:38  Orbital Command  
  49  6:12  SCV  
  50  6:20  SCV  
  50  6:24  SCV  
  52  6:28  Missile Turret  
  52  6:29  Missile Turret  
  52  6:32  SCV  
  53  6:36  SCV  
  54  6:43  Supply Depot  
  54  6:44  Supply Depot  
  54  6:46  Supply Depot  
  54  7:01  Weapon Refit, Armory  
  54  7:04  Battlecruiser  
  60  7:43  Battlecruiser  
  66  7:49  SCV  
  67  7:58  Missile Turret  
  67  7:59  Terran Ship Weapons Level 1  
  67  8:01  SCV  
  68  8:13  SCV  
  69  8:31  Missile Turret  
  69  8:35  Battlecruiser  
  75  8:42  Starport  
  75  8:51  Factory Tech Lab  
  75  8:52  Missile Turret  
  75  9:08  Battlecruiser  
  81  9:14  Armory  
  81  9:53  Battlecruiser  
  87  10:41  Terran Vehicle And Ship Armor Level 1  
  87  10:54  SCV  
  88  11:06  SCV  
  89  11:15  Battlecruiser  
  94  11:20  SCV  
Show
View Real Time Build Order
Export as new Build Order

Haste Protoss 

Build Orders: Carriers 

Get SALT Encoding   

  12  0:02  Probe  
  13  0:17  Pylon  
  13  0:19  Probe (Chrono Boost)  
  15  0:29  Probe (Chrono Boost)  
  15  0:32  Assimilator  
  15  0:34  Probe (Chrono Boost)  
  16  0:45  Probe  
  16  0:49  Assimilator  
  17  0:58  Probe  
  17  1:01  Gateway  
  18  1:10  Probe  
  19  1:22  Probe  
  20  1:44  Nexus  
  20  1:56  Cybernetics Core  
  20  1:58  Probe (Chrono Boost)  
  22  2:09  Probe (Chrono Boost)  
  22  2:13  Probe (Chrono Boost)  
  23  2:38  Stargate  
  23  2:39  Stargate  
  23  3:05  Probe  
  24  3:17  Probe  
  24  3:19  Void Ray (Chrono Boost)  
  25  3:20  Void Ray (Chrono Boost)  
  33  3:29  Probe (Chrono Boost)  
  33  3:30  Assimilator  
  35  3:40  Probe x2 (Chrono Boost)  
  36  3:45  Probe (Chrono Boost)  
  36  3:46  Probe (Chrono Boost)  
  38  3:50  Protoss Air Weapons Level 1  
  38  4:11  Pylon  
  38  4:18  Pylon  
  38  4:29  Void Ray, Probe x2  
  44  4:32  Void Ray  
  44  4:41  Probe x2  
  46  4:53  Probe  
  47  5:05  Probe  
  48  5:18  Probe  
  49  5:30  Probe  
  44  5:55  Void Ray  
  44  5:56  Void Ray  
  52  6:02  Pylon  
  52  6:03  Pylon  
  52  6:04  Probe (Chrono Boost)  
  52  6:07  Pylon  
  54  6:12  Probe (Chrono Boost)  
  54  6:17  Forge  
  54  6:18  Probe (Chrono Boost)  
  54  6:20  Probe (Chrono Boost)  
  54  6:24  Pylon  
  56  6:27  Pylon  
  56  6:30  Probe (Chrono Boost)  
  58  6:33  Probe (Chrono Boost)  
  59  6:40  Probe (Chrono Boost)  
  59  6:41  Probe (Chrono Boost)  
  59  6:45  Probe (Chrono Boost)  
  59  6:46  Probe  
  61  6:56  Probe  
  61  7:00  Photon Cannon  
  62  7:03  Photon Cannon  
  62  7:07  Photon Cannon  
  62  7:08  Probe  
  55  7:13  Photon Cannon  
  35  7:45  Photon Cannon  
  35  7:46  Photon Cannon  
  35  7:49  Assimilator  
  35  7:50  Photon Cannon  
  35  8:06  Fleet Beacon  
  35  8:15  Probe (Chrono Boost)  
  35  8:16  Stargate  
  35  8:17  Stargate  
  35  8:19  Stargate  
  36  8:24  Probe (Chrono Boost)  
  37  8:29  Probe (Chrono Boost)  
  37  8:33  Protoss Shields Level 1  
  38  8:41  Probe  
  38  8:42  Photon Cannon  
  39  8:58  Protoss Air Armor Level 1  
  39  9:03  Carrier  
  39  9:04  Carrier  
  51  9:51  Probe (Chrono Boost)  
  52  9:56  Carrier  
  52  9:59  Carrier  
  65  10:01  Probe (Chrono Boost)  
  65  10:06  Probe (Chrono Boost)  
  66  10:17  Probe  
  67  10:28  Carrier  
  73  10:52  Probe (Chrono Boost)  
  74  11:01  Probe (Chrono Boost)  
  75  11:06  Carrier, Probe (Chrono Boost)  
  80  11:18  Probe  
Tags
 
Add a new tag
Caveats
  • Supply blocks, unpowered buildings, or Contaminate may cause inaccurate times.
  • Supply counts are checked every 10 seconds.